Map: [ESL] Tropical Sacrifice

Players

Rhizer - Winner!

  • Race: Protoss Protoss
  • Spawn Location: 1:00

Nerosus

  • Race: Zerg Zerg
  • Spawn Location: 7:00

Event: DreamHack SC2 Masters 2022 Atlanta (Offline)

VOD

Have the link to the VOD?

Description

Time

  • Played on: Nov. 18, 2022, 11:03 a.m.
  • Length: 10:39

All games in this series

Show
View Real Time Build Order
Export as new Build Order

Rhizer Protoss - Winner!

Build Orders: 1 Gate Expand, Oracle Opening 

Get SALT Encoding   

  12  0:00  Probe  
  13  0:12  Probe  
  14  0:20  Pylon  
  14  0:24  Probe  
  15  0:38  Probe (Chrono Boost)  
  16  0:43  Gateway  
  16  0:47  Probe (Chrono Boost)  
  17  0:52  Probe (Chrono Boost)  
  17  0:56  Assimilator  
  18  1:04  Probe  
  19  1:16  Probe  
  20  1:31  Nexus  
  20  1:41  Cybernetics Core  
  20  1:44  Probe  
  21  1:52  Assimilator  
  21  1:56  Probe  
  22  2:01  Pylon  
  22  2:08  Probe  
  23  2:19  Adept  
  23  2:21  Probe (Chrono Boost)  
  26  2:26  Stargate  
  25  2:32  Warp Gate, Probe (Chrono Boost)  
  26  2:37  Probe (Chrono Boost)  
  26  2:43  Probe (Chrono Boost)  
  28  2:49  Probe (Chrono Boost)  
  30  2:53  Probe (Chrono Boost)  
  30  2:56  Probe (Chrono Boost), Stalker  
  33  3:01  Probe x2 (Chrono Boost)  
  35  3:08  Oracle (Chrono Boost)  
  35  3:12  Probe  
  39  3:14  Probe  
  40  3:22  Gateway  
  40  3:25  Probe  
  41  3:29  Pylon  
  41  3:30  Probe  
  42  3:34  Pylon  
  42  3:38  Oracle (Chrono Boost)  
  45  3:41  Probe  
  46  3:49  Probe  
  46  3:54  Probe  
  48  4:00  Nexus  
  48  4:09  Probe x2  
  50  4:13  Oracle  
  53  4:21  Probe x2  
  53  4:23  Adept x2  
  59  4:29  Assimilator  
  59  4:30  Pylon  
  59  4:32  Assimilator  
  59  4:33  Probe  
  60  4:39  Twilight Council  
  60  4:40  Forge  
  60  4:43  Probe  
  61  4:45  Probe  
  61  4:48  Shield Battery  
  62  4:55  Probe  
  62  4:58  Probe  
  64  5:03  Protoss Ground Weapons Level 1 (Chrono Boost)  
  64  5:06  Stalker x2  
  64  5:07  Probe  
  64  5:08  Blink (Chrono Boost)  
  64  5:10  Probe  
  66  5:15  Probe  
  66  5:19  Probe  
  68  5:22  Probe  
  68  5:28  Probe, Pylon  
  70  5:31  Probe  
  70  5:34  Probe  
  72  5:40  Probe  
  72  5:41  Stalker x2  
  77  5:43  Probe  
  77  5:46  Probe  
  79  5:52  Probe, Gateway  
  79  5:53  Gateway  
  79  5:55  Probe  
  81  5:58  Gateway, Probe  
  81  5:59  Gateway  
  82  6:05  Probe, Stalker x2  
  82  6:08  Probe  
  82  6:10  Probe  
  89  6:16  Pylon  
  89  6:17  Photon Cannon  
  89  6:18  Probe  
  90  6:19  Pylon  
  90  6:25  Nexus  
  90  6:28  Probe x2  
  90  6:30  Probe  
  93  6:46  Probe, Stalker x2  
  98  6:48  Photon Cannon  
  98  6:51  Shield Battery, Probe  
  98  6:52  Assimilator  
  98  6:53  Stalker x2  
  101  6:54  Assimilator  
  101  6:55  Charge (Chrono Boost)  
  101  7:01  Forge  
  101  7:02  Templar Archives, Probe x2  
  101  7:07  Stalker  
  101  7:08  Stalker  
  107  7:10  Protoss Ground Weapons Level 2 (Chrono Boost)  
  107  7:12  Probe  
  107  7:14  Pylon  
  108  7:22  Photon Cannon, Pylon  
  108  7:27  Protoss Ground Armor Level 1 (Chrono Boost)  
  108  7:28  Probe  
  109  7:32  Probe  
  109  7:34  Gateway  
  109  7:35  Gateway  
  109  7:36  Zealot  
  113  7:40  Probe x2  
  113  7:41  Photon Cannon  
  113  7:42  Probe  
  115  7:46  Probe  
  115  7:48  Assimilator  
  115  7:50  Assimilator  
  116  7:54  Zealot x2, Pylon  
  116  7:55  Zealot  
  122  7:59  Probe  
  122  8:00  Probe x2  
  125  8:13  Zealot x3  
  125  8:14  Probe x2  
  125  8:17  Zealot x3  
  139  8:28  Gateway  
  139  8:30  Gateway  
  139  8:32  Gateway  
  139  8:39  Probe x3  
  139  8:41  Pylon  
  122  8:43  Stalker x3  
  122  8:44  Stalker x4  
  134  8:50  Pylon  
  134  8:53  Nexus  
  134  9:01  Stalker  
  136  9:05  Probe x2  
  136  9:08  Probe  
  137  9:11  Stalker x2  
  137  9:12  Stalker x2  
  137  9:15  Probe  
  142  9:18  Pylon  
  142  9:23  High Templar x4  
  142  9:27  High Templar x3  
  148  9:33  Archon x2  
  148  9:34  Archon  
  148  9:35  High Templar x3  
  154  9:39  Zealot  
  154  9:40  Archon  
  155  9:47  Archon  
  153  9:57  Pylon  
  153  9:58  Pylon  
  153  9:59  Robotics Facility  
  153  10:04  Zealot  
  153  10:05  Zealot x3  
  153  10:07  Nexus  
  157  10:09  Pylon  
  157  10:12  Pylon  
  157  10:16  Probe (Chrono Boost)  
  157  10:17  Probe (Chrono Boost)  
  157  10:20  Probe x2 (Chrono Boost)  
  141  10:28  Probe x2 (Chrono Boost)  
  131  10:39  High Templar x6  
Show
View Real Time Build Order
Export as new Build Order

Nerosus Zerg 

Build Orders: Hatch First 

Get SALT Encoding   

  12  0:00  Drone  
  13  0:12  Overlord  
  13  0:17  Drone  
  14  0:31  Drone  
  14  0:32  Drone  
  16  0:47  Drone  
  17  0:55  Hatchery  
  16  0:59  Drone  
  16  1:00  Drone  
  18  1:13  Extractor  
  18  1:16  Spawning Pool  
  16  1:19  Drone  
  16  1:22  Drone  
  18  1:28  Drone  
  19  1:39  Overlord  
  19  2:04  Zergling x4, Queen  
  19  2:06  Queen  
  25  2:09  Drone  
  25  2:12  Drone  
  27  2:23  Metabolic Boost  
  27  2:29  Drone x3  
  30  2:40  Hatchery  
  29  2:48  Zergling x2  
  29  2:49  Zergling x2  
  31  2:53  Drone x2  
  33  3:00  Queen  
  33  3:02  Overlord  
  33  3:04  Drone  
  36  3:17  Overlord  
  36  3:21  Drone x3  
  36  3:22  Drone x2  
  36  3:26  Spore Crawler  
  40  3:27  Spore Crawler  
  40  3:32  Queen  
  41  3:37  Drone x2  
  43  3:42  Drone  
  43  3:46  Drone x3  
  43  3:48  Drone  
  48  3:54  Queen  
  50  4:08  Spore Crawler x2  
  47  4:12  Drone x7  
  53  4:18  Drone x4  
  57  4:26  Drone  
  57  4:29  Overlord  
  58  4:34  Evolution Chamber  
  58  4:37  Overlord  
  57  4:42  Lair  
  57  4:46  Queen  
  58  4:54  Zergling x8  
  60  5:09  Drone x11  
  60  5:13  Zerg Melee Weapons Level 1  
  70  5:17  Baneling Nest  
  69  5:31  Extractor x2  
  69  5:35  Roach Warren  
  64  5:43  Hatchery  
  64  5:44  Queen x2  
  64  5:48  Queen  
  67  5:51  Drone x2  
  67  5:52  Drone x4  
  67  5:54  Overlord x2  
  67  5:56  Extractor  
  72  5:57  Extractor  
  71  6:06  Overseer  
  71  6:08  Drone x2  
  71  6:09  Overlord  
  73  6:14  Centrifugal Hooks  
  73  6:16  Zergling x6  
  73  6:17  Zergling x8  
  80  6:23  Drone x2  
  80  6:24  Drone x3  
  84  6:34  Zergling x6  
  86  6:46  Drone x5  
  90  6:50  Drone  
  90  6:51  Drone  
  90  6:52  Drone x2  
  94  7:00  Drone x5, Hatchery  
  94  7:01  Drone  
  99  7:02  Extractor  
  99  7:05  Overseer  
  99  7:06  Hydralisk Den  
  99  7:07  Drone  
  99  7:08  Zerg Melee Weapons Level 2, Drone  
  99  7:10  Drone  
  99  7:12  Zergling x2  
  101  7:18  Pneumatized Carapace  
  101  7:23  Zergling x6  
  101  7:25  Overlord x2  
  104  7:46  Drone  
  104  7:47  Drone x6  
  104  7:49  Extractor  
  108  7:52  Zergling x22  
  108  7:54  Overlord  
  119  7:59  Muscular Augments  
  117  8:10  Zergling x2  
  117  8:11  Zergling x12  
  120  8:15  Baneling x10  
  120  8:16  Zergling x4  
  122  8:22  Drone x8  
  122  8:24  Extractor  
  122  8:26  Zergling x2  
  129  8:32  Zergling x2  
  129  8:33  Zergling x10  
  121  8:42  Zergling x12  
  121  8:49  Queen  
  121  8:51  Zergling x12  
  121  8:52  Zergling x2  
  117  8:56  Hydralisk x3  
  117  8:57  Hydralisk x3  
  123  9:04  Baneling  
  123  9:05  Baneling x6  
  121  9:10  Zergling x8, Grooved Spines  
  121  9:25  Drone x3  
  121  9:27  Zergling x20  
  121  9:30  Lurker Den  
  133  9:32  Infestation Pit, Drone  
  133  9:39  Zergling x2  
  133  9:41  Overlord x3  
  133  9:50  Hydralisk x5  
  131  9:54  Baneling x12  
  131  9:55  Hydralisk  
  131  9:57  Overlord x3  
  131  9:58  Overlord x2  
  131  9:59  Overseer  
  131  10:01  Queen  
  131  10:06  Hydralisk x3  
Tags
 
Add a new tag
Caveats
  • Supply blocks, unpowered buildings, or Contaminate may cause inaccurate times.
  • Supply counts are checked every 10 seconds.